 Dungeon Crawl Stone Soup version 0.22.1-6-g1668fe2c40 (webtiles) character file.

199 Kohma the Vexing (level 5, -4/35 HPs)
             Began as a Vampire Enchanter on Jan 21, 2019.
             Slain by a slave (9 damage)
             ... led by Pikel
             ... on level 3 of the Dungeon.
             The game lasted 00:15:19 (6640 turns).

Kohma the Vexing (Vampire Enchanter)                Turns: 6640, Time: 00:15:20

Health: -4/35      AC:  0    Str:  7    XL:     5   Next: 48%
Magic:  3/9        EV: 20    Int: 17    God:
Gold:   215        SH:  0    Dex: 21    Spells: 4/10 levels left

rFire    . . .     SeeInvis +   (weapon currently unavailable)
rCold    + . .     Gourm    .   (shield currently unavailable)
rNeg     + + .     Faith    .   (armour currently unavailable)
rPois    +         Spirit   .   (helmet currently unavailable)
rElec    .         Reflect  .   (cloak currently unavailable)
rCorr    .         Harm     .   (gloves currently unavailable)
MR       .....                  (boots currently unavailable)
Stlth    +++++.....             (no amulet)
HPRegen  0.05/turn              (ring currently unavailable)
MPRegen  0.11/turn              (ring currently unavailable)

@: bat-form, flying, regenerating slowly, very quick
A: tiny, fangs 3, see invisible
a: End Transformation


You were on level 3 of the Dungeon.
You were near bloodless.
You were in vampire-bat-form.
You visited 1 branch of the dungeon, and saw 4 of its levels.

You collected 215 gold pieces.

Inventory:

Hand Weapons
 a - a +1 dagger (melded)
Missiles
 r - 5 tomahawks
 x - a throwing net (quivered)
Armour
 b - a +0 robe
 m - a +0 leather armour (melded)
 p - a +0 buckler
 u - a +0 pair of gloves (melded)
Jewellery
 s - an uncursed ring of resist corrosion {unknown}
 w - a cursed -4 ring of evasion {unknown}
Scrolls
 c - 2 scrolls of random uselessness {unknown}
 e - 2 scrolls of fog {unknown}
 g - 6 scrolls of teleportation {unknown}
 h - a scroll of enchant armour {unknown}
 o - a scroll of identify {unknown}
 q - a scroll of amnesia {unknown}
 y - 2 scrolls of remove curse {unknown}
Potions
 d - 2 potions of blood
 f - 2 potions of haste
 i - a potion of degeneration {unknown}
 j - a potion of might {unknown}
 k - a potion of agility {unknown}
 l - a potion of curing {unknown}
 n - a potion of heal wounds {unknown}
 t - a potion of invisibility {unknown}
 z - a potion of mutation {unknown}
Comestibles
 v - 3 rations


   Skills:
 * Level 2.1 Short Blades
 - Level 2.1 Dodging
 - Level 5.1 Stealth
 + Level 3.3 Spellcasting
 - Level 6.0 Hexes
 + Level 2.3 Ice Magic


You had 4 spell levels left.
You knew the following spells:

 Your Spells              Type           Power        Failure   Level  Hunger
a - Corona                Hex            ###....      1%          1    None
b - Ensorcelled Hibernat  Hex/Ice        ###...       4%          2    ##.....
c - Confuse               Hex            ###.....     4%          3    ###....

Your spell library contained the following spells:

 Spells                   Type           Power        Failure   Level  Hunger
 Tukima's Dance           Hex            ###.....     4%          3    ###....
 Dazzling Spray           Conj/Hex       ##....       16%         3    ###....


Dungeon Overview and Level Annotations

Branches:
Dungeon (4/15)
 Temple: D:4-7

Altars:
Nemelex Xobeh

Annotations:
D:4 Pikel


Innate Abilities, Weirdness & Mutations

You heal slowly.
You have razor-sharp teeth.
You have supernaturally acute eyesight. (SInv)
((You can survive without breathing.))


Message History

Casting: Confuse (safe; 6% risk of failure)
Confirm with . or Enter, or press ? or * to list all spells.
Aiming: Confuse (safe; 6% risk of failure)
Press: ? - help, Shift-Dir - straight line, f/p - slave
Aim: a slave, wearing an animal skin (heavily wounded, chance to defeat MR: The slave resists with significant effort.
The slave hits you.
You see here a flail.
The slave hits you!
* * * LOW HITPOINT WARNING * * *
There is a stone staircase leading down here.
Things that are here:
a halberd x2
Okay, then.
There is a stone staircase leading down here.
You turn into a vampire bat.
Your +1 dagger melds into your body.
Your +0 pair of gloves melds into your body.
Your +0 leather armour melds into your body.
The slave hits you!
You die...

#.########.###........... #.# #.#
##..#######. #.# #.# #..# #.
##>########(# #..#######.
#...........# #......<...
#..########## ######.#### #..#
##### #.# #####..#########...##
#.# #...........pb......## #.####
#.###................## #.....
#.# ##.######.........# ###.#.
#.# ##.## #.........####.###
#.###...## #.........#.>)## #
####.##.....####.##.....##)##.###
#....##.......#8.8#.....##.###.#.
#.#####.....#.........#..........
#.# ##...####8.8##.#####.#####.


You could see a slave.

Vanquished Creatures
  A slave (D:3)
  Jessica (D:2)
  6 adders
  4 gnolls (D:3)
  2 worms
  4 dart slugs
  3 leopard geckos
  2 orcs (D:3)
  6 giant cockroaches
  6 hobgoblins
  2 quokkas (D:2)
  4 bats
  2 frilled lizards (D:2)
  7 goblins
  8 kobolds
  11 rats
69 creatures vanquished.

Notes
Turn   | Place    | Note
-------+----------+-------------------------------------------
     0 | D:1      | Kohma the Vampire Enchanter began the quest for the Orb.
     0 | D:1      | Reached XP level 1. HP: 13/13 MP: 3/3
   345 | D:1      | Reached XP level 2. HP: 19/19 MP: 5/5
   531 | D:1      | Learned a level 2 spell: Ensorcelled Hibernation
   711 | D:1      | Reached skill level 5 in Hexes
  1475 | D:2      | Noticed Jessica
  1484 | D:2      | Killed Jessica
  1484 | D:2      | Reached skill level 5 in Stealth
  1484 | D:2      | Reached skill level 1 in Ice Magic
  1484 | D:2      | Reached XP level 3. HP: 24/24 MP: 1/6
  1588 | D:2      | Reached XP level 4. HP: 13/30 MP: 8/8
  2093 | D:2      | Learned a level 3 spell: Confuse
  3563 | D:3      | Reached skill level 6 in Hexes
  3575 | D:3      | Reached XP level 5. HP: 35/35 MP: 6/9
  4000 | D:3      | Found a sparkling altar of Nemelex Xobeh.
  5885 | D:4      | Noticed Pikel
  5885 | D:4      | Noticed a slave
  5885 | D:4      | Noticed a slave
  5885 | D:4      | Noticed a slave
  5891 | D:4      | Noticed a slave
  5894 | D:3      | Killed a slave
  6640 | D:3      | Slain by a slave

Skill      XL: |  1  2  3  4  5 |
---------------+----------------+-----
Hexes          | 5 6 |  6.0
Stealth        | 5 |  5.1
Ice Magic      | 1 2 |  2.3
Spellcasting   | 3 |  3.3
Short Blades   | 2 |  2.1
Dodging        | |  2.1

Action                   |  1- 3 |  4- 6 || total
-------------------------+-------+-------++-------
Melee: Dagger            |    94 |   120 ||   214
       Bite              |     5 |     7 ||    12
Throw: Throwing net      |       |     1 ||     1
 Cast: Ensorcelled Hiber |     7 |    35 ||    42
       Confuse           |       |     2 ||     2
 Abil: Bat Form          |       |     2 ||     2
       End Transformatio |       |     1 ||     1
  Use: Potion            |       |     9 ||     9
 Stab: Sleeping          |    14 |    28 ||    42
Armor: Robe              |    29 |     1 ||    30
       Leather armour    |       |    27 ||    27
Dodge: Dodged            |    57 |    87 ||   144
